 Dungeon Crawl Stone Soup version 0.17-a0-2099-g910b1c6 (webtiles) character file.

377 Hedron the Insei (level 6, -2/42 HPs)
             Began as an Octopode Monk on Oct 18, 2015.
             Killed from afar by Dowan (12 damage)
             ... with a wand of flame
             ... on level 4 of the Dungeon.
             The game lasted 00:07:38 (2965 turns).

Hedron the Insei (Octopode Monk)                    Turns: 2965, Time: 00:07:38

Health: -2/42      AC:  1    Str: 10    XL:     6   Next: 73%
Magic:  6/6        EV: 16    Int: 12    God:
Gold:   121        SH:  0    Dex: 17    Spells: 0 memorised, 5 levels left

rFire  . . .     SeeInvis .       - Unarmed
rCold  . . .     Clarity  .     (no shield)
rNeg   . . .     SustAt   .     (helmet restricted)
rPois  .         Gourm    .     u - amulet of stasis
rElec  .         Spirit   .     c - +3 ring of evasion
rCorr  .         Warding  .     (no ring)
rMut   .         Stasis   +     (no ring)
MR     .....                    (no ring)
Stlth  +++.......               (no ring)
                                (no ring)
                                (no ring)
                                (no ring)

@: not resistant to hostile enchantments, fairly stealthy
A: almost no armour, amphibious, 8 rings, constrict 8, camouflage 1, gelatinous
body 1
a: no special abilities


You were on level 4 of the Dungeon.
You were not hungry.

You visited 1 branch of the dungeon, and saw 4 of its levels.

You collected 121 gold pieces.

Inventory:

Missiles
 b - 90 stones (quivered)
 k - 8 curare-tipped needles
 r - 18 poisoned needles
Magical Staves
 l - an uncursed staff of fire
Jewellery
 c - a +3 ring of evasion (left tentacle)
 u - an amulet of stasis (around mantle)
Wands
 j - a wand of magic darts (47)
 v - a wand of disintegration (11)
Scrolls
 g - 3 scrolls of teleportation
 o - 2 scrolls of remove curse
 s - a scroll of recharging
Potions
 d - a potion of flight {unknown}
 e - a potion of curing
 i - a potion of agility
 m - a potion of haste
 n - a potion of magic {unknown}
 p - a potion of degeneration {unknown}
 t - a potion of poison {unknown}
 w - a potion of brilliance {unknown}
 x - a potion of resistance {unknown}
Comestibles
 a - 2 bread rations
 f - 2 slices of pizza
 h - 5 fruits
 q - 3 meat rations
 z - 3 chunks of flesh


   Skills:
 - Level 3.0 Fighting
 - Level 3.0 Dodging
 - Level 2.6 Stealth
 + Level 7.8 Unarmed Combat


You had 5 spell levels left.
You didn't know any spells.

Dungeon Overview and Level Annotations

Branches:
Dungeon (4/15)
 Temple: D:4-7

Altars:
Dithmenos
Gozag
Yredelemnul

Annotations:
D:4 Dowan


Innate Abilities, Weirdness & Mutations

You cannot wear most types of armour.
You are amphibious.
You can wear up to eight rings at the same time.
You can use your tentacles to constrict eight enemies at once.
Your skin changes colour to match your surroundings (Stealth).
Your rubbery body absorbs attacks (AC +1).


Message History

You bludgeon the iguana!
You kill the iguana!
Drink which item? (? for menu, Esc to quit)
You feel better.
Dowan zaps a wand.
The puff of flame misses you.
Things that are here:
a rapier; an iguana corpse; a ball python corpse Dowan hits you with a dagger.
Dowan says, "How can I live without her?"
Dowan gestures at you while chanting. The shard of ice misses you.
You tentacle-slap Dowan. Your grab misses Dowan.
Dowan is lightly wounded.
Dowan says, "Magic will overcome all!"
Dowan zaps a wand.
The puff of flame hits you!
* * * LOW HITPOINT WARNING * * *
You closely miss Dowan. You grab Dowan.
Dowan is lightly wounded.
You constrict Dowan.
Dowan zaps a wand.
The puff of flame hits you!
You die...

#......)
.......
...$..
....#
...######.
.........
#........
###...?..#
#.@e...#...
#)##..##
#.# #....
##.# ###..
#..# ..
#.## # #<#
#.# #.#


You could see Dowan.

Vanquished Creatures
  Duvessa (D:4)
  A crimson imp (D:3)
  An iguana (D:4)
  Jessica (D:3)
  Terence (D:3)
  Natasha (thrice) (D:3)
  6 adders
  3 worms
  3 giant geckos
  An orc (D:3)
  6 goblins
  4 hobgoblins
  13 jackals
  5 kobolds
  A quokka (D:2)
  2 ball pythons
  7 bats (D:2)
  4 giant cockroaches
  6 giant newts
  7 rats
76 creatures vanquished.

Notes
Turn   | Place    | Note
--------------------------------------------------------------
     0 | D:1      | Hedron the Octopode Monk began the quest for the Orb.
     0 | D:1      | Reached XP level 1. HP: 16/16 MP: 1/1
   270 | D:1      | Reached XP level 2. HP: 21/21 MP: 2/2
   947 | D:2      | Reached XP level 3. HP: 18/26 MP: 3/3
  1109 | D:2      | Reached skill level 5 in Unarmed Combat
  1247 | D:2      | Reached XP level 4. HP: 27/31 MP: 4/4
  1705 | D:2      | Found a basalt altar of Yredelemnul.
  1707 | D:2      | Found a shadowy altar of Dithmenos.
  2094 | D:3      | Reached skill level 6 in Unarmed Combat
  2213 | D:3      | Reached XP level 5. HP: 29/36 MP: 5/5
  2440 | D:3      | Noticed Natasha
  2447 | D:3      | Killed Natasha
  2494 | D:3      | Noticed Natasha
  2501 | D:3      | Killed Natasha
  2531 | D:3      | Noticed Natasha
  2534 | D:3      | Killed Natasha
  2539 | D:3      | Noticed Terence
  2561 | D:3      | Killed Terence
  2561 | D:3      | Reached skill level 7 in Unarmed Combat
  2737 | D:3      | Noticed Jessica
  2744 | D:3      | Killed Jessica
  2744 | D:3      | Reached XP level 6. HP: 42/42 MP: 6/6
  2898 | D:2      | Found an opulent altar of Gozag.
  2938 | D:4      | Noticed Duvessa
  2938 | D:4      | Noticed Dowan
  2952 | D:4      | Killed Duvessa
  2965 | D:4      | Killed from afar by Dowan

Vault maps used:
D:1:      mrwooster_arrival_statue_3, hex_intersection
D:2:      nicolae_overflow_hidden_temple, minmay_joined_circles
D:3:      uniq_natasha, uniq_jessica, uniq_terence
D:4:      serial_shops, shop, minmay_cut_off, uniq_duvessa

Action                   |  1- 3 |  4- 6 || total
-------------------------+-------+-------++-------
Melee: Unarmed           |    53 |   103 ||   156
       Staff             |       |    21 ||    21
  Use: Scroll            |     3 |     9 ||    12
       Potion            |       |     1 ||     1
 Stab: Sleeping          |     9 |    15 ||    24
       Distracted        |       |     2 ||     2
  Eat: Chunk             |     1 |     5 ||     6
